 Dungeon Crawl Stone Soup version 0.28.0-43-g3370ac3207 (webtiles) character file.

Game seed: 18071346645099221271

100 mortz the Conjurer (level 4, 0/24 HPs)
             Began as a Tengu Conjurer on Mar 24, 2022.
             Slain by a gnoll
             ... wielding a +0 spear
              (1 damage)
             ... on level 2 of the Dungeon.
             The game lasted 00:10:52 (2252 turns).

mortz the Conjurer (Tengu Conjurer)                 Turns: 2252, Time: 00:10:52

Health: 0/24       AC:  4    Str:  8    XL:     4   Next: 74%
Magic:  0/8        EV: 11    Int: 20    God:
Gold:   43         SH:  0    Dex: 12    Spells: 5/8 levels left

rFire   . . .      SeeInvis .   n - +2 dagger (venom) {short}
rCold   . . .      Faith    .   (no shield)
rNeg    . . .      Spirit   .   i - +0 leather armour
rPois   .          Reflect  .   (helmet restricted)
rElec   .          Harm     .   (no cloak)
rCorr   .          Rampage  .   k - +0 pair of gloves
Will    .....                   (boots unavailable)
Stlth   ++........              (no amulet)
HPRegen 0.08/turn               (no ring)
MPRegen 0.11/turn               (no ring)

@: no status effects
A: beak, talons 3
a: no special abilities


You were on level 2 of the Dungeon.
You visited 1 branch of the dungeon, and saw 2 of its levels.

You collected 43 gold pieces.


Innate Abilities, Weirdness & Mutations

You have a beak for a mouth.
You have claws for feet.


   Skills:
 + Level 0.4 Short Blades
 + Level 0.2 Armour
 + Level 2.3 Dodging
 + Level 2.3 Stealth
 + Level 2.5 Spellcasting
 + Level 7.1 Conjurations


You had 5 spell levels left.
You knew the following spells:

 Your Spells              Type           Power      Damage    Failure   Level
a - Magic Dart            Conj           100%       1d8       1%          1
b - Searing Ray           Conj           62%        2d6       1%          2

Your spell library contained the following spells:

 Spells                   Type           Power      Damage    Failure   Level
 Dazzling Flash           Conj/Hex       32%        N/A       14%         3
 Fulminant Prism          Conj/Hex       8%         3d7       43%         4
 Iskenderun's Mystic Bla  Conj/Tloc      16%        2d5       43%         4
 Summon Guardian Golem    Hex/Summ       2%         N/A       54%         3
 Orb of Destruction       Conj           15%        9d7       100%        7
 Spellforged Servitor     Conj/Summ      8%         N/A       100%        7

Inventory:

Hand Weapons
 c - a +0 hunting sling {sling}
   (You found it on level 1 of the Dungeon)
 e - a +0 club {mace}
   (You took it off a goblin on level 1 of the Dungeon)
 g - a +0 dagger {short}
   (You took it off a kobold on level 1 of the Dungeon)
 m - a +0 rapier {short}
   (You found it on level 2 of the Dungeon)
 n - a +2 dagger of venom (weapon) {short}
   (You took it off Robin on level 2 of the Dungeon)
Missiles
 f - 4 stones {throwing}
 j - 2 poisoned darts {throwing}
 p - 18 sling bullets
Armour
 a - a +0 robe
 i - a +0 leather armour (worn)
   (You found it on level 1 of the Dungeon)
 k - a +0 pair of gloves (worn)
   (You found it on level 1 of the Dungeon)
Jewellery
 q - a ring of resist corrosion
   (You took it off a goblin on level 2 of the Dungeon)
Scrolls
 d - a scroll of identify {unknown}
 h - 2 scrolls of enchant armour {unknown}
 l - 2 scrolls of teleportation {unknown}
 o - a scroll of magic mapping {unknown}
Potions
 b - a potion of mutation {unknown}

Dungeon Overview and Level Annotations

Branches:
Dungeon (2/15)

Altars:
Fedhas

Shops:
D:1

[ .#.........#.##.# #.#
#......
.#######...#....#####.#
#......
.#########.........##.#
#......
.g.)................#.#
#......
#######.g...........#.#
#...... #............._..#.#
####..... #........##'.......#
#........ #........##.g......#
#.##.....
#######.###..@##'#.###)##.)...
#.# #...#......).#####..
#.#######.....#### #..
#.g...........########..
############......)[).......
..# #.......#
#......##########
#.####.......# #......####
#.#..........# #.........#
#.#.##.......# #########.#


You could see a gnoll.


Message History

The searing ray hits the gnoll!
You kill the gnoll! (Press . to maintain the ray.) 😎 MP[-2]
You lost 2 mp, and now have 4/8 mp.
The gnoll throws a poisoned dart.
The poisoned dart hits you!
You are poisoned.
You feel sick. 😕 HP[-2]
You take 2 damage, and now have 22/24 hp.
You feel sick. 😕 HP[-1]
You take 1 damage, and now have 21/24 hp.
You feel sick. 😕 MP[+1]
You feel sick. 😕 HP[-1]
You take 1 damage, and now have 20/24 hp.
You feel sick. 😕 HP[-1]
You take 1 damage, and now have 19/24 hp.
You feel sick.
You are no longer poisoned. 😮 HP[-1]
You take 1 damage, and now have 18/24 hp. 😮 MP[+1]
The gnoll throws a poisoned dart.
The poisoned dart barely misses you. 😕 HP[+1]
There is an open door here. 😕 MP[+1]
You start resting.
There are monsters nearby!
Casting: Searing Ray (safe; 1% risk of failure)
Confirm with . or Enter, or press ? or * to list all spells.
Aiming: Searing Ray (safe; 1% risk of failure)
Press: ? - help, Shift-Dir - straight line, f - gnoll
Aim: a gnoll, wielding a +0 whip, wearing a +0 chain mail and quivering poisoned darts (lightly wounded, 87% to hit)
The searing ray hits the gnoll. (Press . to maintain the ray.)
The gnoll shouts! 😕 MP[-2]
You lost 2 mp, and now have 5/8 mp.
The searing ray hits the gnoll.
The gnoll closely misses you. 😕 HP[+1] MP[-1]
You lost 1 mp, and now have 4/8 mp.
The searing ray hits the gnoll but does no damage.
The gnoll completely misses you. 😕 MP[-1]
You lost 1 mp, and now have 3/8 mp.
The searing ray misses the gnoll.
You finish channelling your searing ray.
The gnoll closely misses you.
Casting: Searing Ray (safe; 1% risk of failure)
Confirm with . or Enter, or press ? or * to list all spells.
Aiming: Searing Ray (safe; 1% risk of failure)
Press: ? - help, Shift-Dir - straight line, f/p - gnoll
Aim: a gnoll, wielding a +0 whip, wearing a +0 chain mail and quivering poisoned darts (heavily wounded, 87% to hit)
The searing ray hits the gnoll but does no damage. (Press . to maintain the ray.)
The gnoll closely misses you. 😕 MP[-2]
You lost 2 mp, and now have 1/8 mp.
The searing ray hits the gnoll but does no damage.
The gnoll misses you.
The gnoll completely misses you. 😕 MP[-1]
You lost 1 mp, and now have 0/8 mp.
Without enough magic to sustain it, your searing ray dissipates.
The gnoll barely misses you. The gnoll misses you.
You hit the gnoll. Your kick misses the gnoll.
You peck the gnoll, but do no damage.
The gnoll hits you from afar with a +0 spear!
* * * LOW HITPOINT WARNING * * *
😨 HP[-8]
You take 8 damage, and now have 12/24 hp.
MASSIVE DAMAGE!! (PAUSE)
You hit the gnoll but do no damage.
The gnoll is poisoned.
Your kick misses the gnoll. The gnoll hits you with a +0 whip.
* * * LOW HITPOINT WARNING * * *
The gnoll hits you but does no damage. 😨 HP[-2]
You take 2 damage, and now have 10/24 hp.
You hit the gnoll but do no damage.
The gnoll looks as sick as possible!
The gnoll hits you with a +0 whip.
* * * LOW HITPOINT WARNING * * *
The gnoll completely misses you. 😱 HP[-5]
You take 5 damage, and now have 5/24 hp.
MASSIVE DAMAGE!! (PAUSE)
You hit the gnoll but do no damage. Your kick misses the gnoll.
You punch the gnoll, but do no damage. The gnoll hits you with a +0 whip.
* * * LOW HITPOINT WARNING * * *
The gnoll barely misses you. 😱 HP[-4]
You take 4 damage, and now have 1/24 hp.
You barely miss the gnoll. You claw the gnoll, but do no damage.
Your peck misses the gnoll.
You kill the gnoll!
The gnoll barely misses you. The gnoll hits you with a +0 spear.
You die...

Skill      XL: |  1  2  3 |
---------------+----------+-----
Conjurations   | 6 7 |  7.1
Short Blades   | |  0.4
Armour         | |  0.2
Dodging        | |  2.3
Stealth        | |  2.3
Spellcasting   | |  2.5

Action                   |  1- 3 |  4- 6 || total
-------------------------+-------+-------++-------
Melee: Dagger            |    13 |     5 ||    18
       Kick              |     3 |     1 ||     4
       Peck              |     1 |     1 ||     2
       Punch             |       |     1 ||     1
 Cast: Magic Dart        |    36 |     5 ||    41
       Searing Ray       |    15 |     3 ||    18
Armor: Robe              |     1 |       ||     1
       Leather armour    |     3 |     1 ||     4
Dodge: Dodged            |    15 |    12 ||    27

Levels and vault maps discovered:
D:1:      dpeg_arrival_three_bigger_balls, layout_basic,
          dreamdust_ecumenical_altar_angels_and_demons, serial_shops,
          nicolae_shop_stone, kennysheep_nondescript
D:2:      layout_basic, basic_altar, uniq_robin, uniq_terence

Notes
Turn   | Place    | Note
-------+----------+-------------------------------------------
     0 | D:1      | mortz the Tengu Conjurer began the quest for the Orb.
     0 | D:1      | Reached XP level 1. HP: 10/10 MP: 4/4
     0 | D:1      | magus.rc [v1.9.6]
    42 | D:1      | You pick up a book of Dangerous Friends and begin
                  | reading...
    42 | D:1      | You add the spells Summon Guardian Golem, Orb of
                  | Destruction and Spellforged Servitor to your library.
   178 | D:1      | Found Cotiosa's Antique Armour Emporium.
   181 | D:1      | Reached XP level 2. HP: 15/15 MP: 3/6
   247 | D:1      | Learned a level 2 spell: Searing Ray
   508 | D:1      | Reached skill level 6 in Conjurations
   751 | D:1      | Found a faded altar of an unknown god.
   881 | D:1      | Reached XP level 3. HP: 19/19 MP: 4/7
  1495 | D:2      | Noticed Robin
  1507 | D:2      | Killed Robin
  1763 | D:2      | Found a blossoming altar of Fedhas.
  1819 | D:2      | Noticed Terence
  1827 | D:2      | HP: 1/19 [Terence/+0 flail (6)]
  1829 | D:2      | Killed Terence
  1830 | D:2      | Reached skill level 7 in Conjurations
  1830 | D:2      | Reached XP level 4. HP: 2/24 MP: 1/8
  2249 | D:2      | HP: 5/24 [gnoll/+0 whip (5)]
  2250 | D:2      | HP: 1/24 [gnoll/+0 whip (4)]
  2252 | D:2      | Slain by a gnoll

Vanquished Creatures
  Terence (D:2)
  Robin (D:2)
  2 gnolls (D:2)
  2 endoplasms (D:1)
  3 giant cockroaches
  12 goblins
  5 hobgoblins
  3 quokkas
  5 bats (D:1)
  2 frilled lizards (D:1)
  2 kobolds (D:1)
  4 rats (D:1)
42 creatures vanquished.

Table legend:
 A = Non-vault XP
 B = Vault XP
 C = Vault XP percentage of total XP
 D = Non-vault monster count
 E = Vault monster count
 F = Vault count percentage of total count
                 A         B        C        D         E       F
            +---------+---------+-------+---------+---------+-------
      Total |      73 |      71 |  49.3 |      30 |      12 |  28.6
            +---------+---------+-------+---------+---------+-------
        D:1 |      39 |       0 |   0.0 |      25 |       0 |   0.0
        D:2 |      34 |      71 |  67.6 |       5 |      12 |  70.6
            +---------+---------+-------+---------+---------+-------

Illustrated notes

Table legend:
 A = Kills in this place as a percentage of kills in entire the game.
 B = Kills by you in this place as a percentage of kills by you in the entire game.
 C = Kills by friends in this place as a percentage of kills by friends in the entire game.
 D = Other kills in this place as a percentage of other kills in the entire game.
 E = Experience gained in this place as a percentage of experience gained in the entire game.
 F = Experience gained in this place divided by the number of levels of this place that you have seen.
                   A       B       C       D       E      F
               +-------+-------+-------+-------+-------+----------------------
         Total | 100.0 | 100.0 |   N/A |   N/A | 100.0 |  72.0
       Dungeon | 100.0 | 100.0 |   N/A |   N/A | 100.0 |  72.0
               +-------+-------+-------+-------+-------+----------------------

Table legend: (Time is in decaauts)
 A = Elapsed time spent in this place.
 B = Non-inter-level travel time spent in this place.
 C = Inter-level travel time spent in this place.
 D = Time resting spent in this place.
 E = Time spent auto-exploring this place.
 F = Levels seen in this place.
 G = Mean time per level.
                   A        B        C        D        E       F      G
               +--------+--------+--------+--------+--------+-----+--------+
         Total |   2249 |   2216 |     33 |    643 |   1288 |   2 | 1124.5 |
       Dungeon |   2249 |   2216 |     33 |    643 |   1288 |   2 | 1124.5 |
               +--------+--------+--------+--------+--------+-----+--------+

Top non-repeatable levels by time:
     D:1: 1362 daAuts
     D:2: 887 daAuts
